Bruins vs Jets

Created - 6 novembre 2019 at 20:56

Goals
1 2 3 OT1 T
Bruins 1 1 1 1 4
Jets 0 1 2 0 3
Shots
1 2 3 OT1 T
Bruins 3 8 21 1 33
Jets 6 25 13 0 44

1st period

1. Bruins , Brady Tkachuk 5 (Micheal Ferland 6, Sean Monahan 12) at 16:58

Penalties :
Jonathan Ericsson (WIN) for Hooking (Minor) at 7:41, Justin Falk (BOS) for Holding (Minor) at 9:55

2nd period

2. Jets , James van Riemsdyk 6 (Nathan MacKinnon 7) at 0:08
3. Bruins , Anthony Beauvillier 3 (Jason Pominville 2, Justin Falk 3) at 0:43

Penalties :
Connor Murphy (BOS) for Interference (Minor) at 1:50

3rd period

4. Jets , Brett Ritchie 1 (Victor Olofsson 1, Josh Manson 8) at 1:21
5. Jets , Nathan MacKinnon 4 (James van Riemsdyk 9) at 16:00 (PP)
6. Bruins , Brady Tkachuk 6 (Sean Monahan 13) at 19:02

Penalties :
Justin Falk (BOS) for Hooking (Minor) at 15:54, Filip Chytil (WIN) for Interference (Minor) at 16:20

Overtime #1

7. Bruins , Justin Falk 1 (Sean Monahan 14, Brady Tkachuk 3) at 0:08

Penalties :
No Penalty

Goalie Stats

Juuse Saros (BOS), 41 saves from 44 shots - (0,932), W, 6-2-3, 60:06 minutes
MacKenzie Blackwood (WIN), 29 saves from 33 shots - (0,879), OTL, 5-3-3, 60:08 minutes

Players Stats for Bruins

Player Name              G  A  P  +/- PIM S  H  SB GA TA FO     MP     PP MP  PK MP  
------------------------------------------------------------------------------------
Anthony Beauvillier      1  0  1   0  0   5  1  0  1  0  0/0    13:09   0:00   1:31 
Brady Tkachuk            2  1  3   2  0   5  1  0  0  1  0/0    19:35   2:08   0:00 
Connor Murphy            0  0  0   2  2   3  1  2  0  1  0/0    21:38   1:13   0:55 
Conor Garland            0  0  0   0  0   1  1  1  0  0  0/0     8:18   0:00   0:00 
Derick Brassard          0  0  0   0  0   2  4  0  3  2  9/12   17:46   1:50   1:13 
Jakob Chychrun           0  0  0   2  0   0  0  0  0  1  0/0    19:45   1:57   1:41 
Jason Pominville         0  1  1   0  0   1  0  1  0  0  0/0    11:26   0:00   0:00 
Joel Edmundson           0  0  0   0  0   0  3  1  0  0  0/0    28:08   1:55   2:23 
Justin Falk              1  1  2   1  4   3  1  1  0  2  0/0    21:47   0:06   1:13 
Marcus Kruger            0  0  0   0  0   0  0  0  0  0  0/1     8:18   0:00   0:00 
Micheal Ferland          0  1  1   1  0   2  1  0  4  0  0/0    22:00   2:08   2:33 
Nolan Patrick            0  0  0   0  0   1  3  0  1  0  3/10   13:24   1:50   0:09 
Ondrej Palat             0  0  0   0  0   4  0  0  1  1  0/1    16:33   1:50   0:00 
Pat Maroon               0  0  0   0  0   1  2  0  0  0  0/0     8:18   0:00   0:00 
Ryan Kesler              0  0  0   0  0   0  1  0  1  0  0/1    14:56   0:00   0:00 
Sean Monahan             0  3  3   2  0   5  1  0  2  1  22/40  22:17   2:08   2:42 
Xavier Ouellet           0  0  0  -1  0   0  0  1  0  1  0/0    14:31   0:06   1:56 
Zach Redmond             0  0  0  -1  0   0  2  1  0  0  0/0    14:28   2:39   0:00 

Players Stats for Jets

Player Name              G  A  P  +/- PIM S  H  SB GA TA FO     MP     PP MP  PK MP  
------------------------------------------------------------------------------------
Brett Ritchie            1  0  1   1  0   1  2  0  1  0  0/0     8:11   0:00   0:00 
Colton Sissons           0  0  0  -1  0   0  1  0  0  0  2/2    20:27   2:09   0:00 
Filip Chytil             0  0  0   0  2   6  3  0  0  0  6/7    11:14   0:00   0:00 
James van Riemsdyk       1  1  2  -2  0   4  1  1  3  0  1/1    21:28   2:09   1:04 
Janne Kuokkanen          0  0  0   0  0   1  2  0  0  0  1/2    12:53   0:00   1:07 
Jonathan Ericsson        0  0  0   0  2   0  4  1  0  3  0/0    20:36   1:49   0:50 
Josh Manson              0  1  1  -2  0   2  2  3  1  3  0/0    29:17   2:15   1:05 
Josh Morrissey           0  0  0  -1  0   3  1  0  0  0  0/0    23:45   0:00   2:03 
Mark Pysyk               0  0  0   0  0   0  1  0  0  0  0/0    17:41   0:00   0:00 
Matt Hunwick             0  0  0   0  0   1  0  0  0  2  0/0    11:53   1:49   2:03 
Mike Sgarbossa           0  0  0   1  0   0  1  0  0  0  0/1     8:11   0:00   0:00 
Nate Prosser             0  0  0   0  0   0  0  0  0  0  0/0    16:05   2:15   1:55 
Nathan MacKinnon         1  1  2  -2  0   6  2  1  2  1  19/37  22:36   2:09   2:08 
Troy Brouwer             0  0  0  -1  0   4  2  1  1  0  0/1    18:01   1:55   2:00 
Troy Terry               0  0  0   0  0   6  0  2  2  0  0/0    11:21   0:00   0:00 
Victor Olofsson          0  1  1   1  0   2  0  0  0  0  0/0     8:11   0:00   0:00 
Wayne Simmonds           0  0  0  -1  0   5  3  0  0  3  1/1    17:24   1:55   1:04 
Zach Aston-Reese         0  0  0  -1  0   3  0  1  0  1  1/13   17:10   1:55   0:33 

3 Stars

1 - Brady Tkachuk (BOS)
2 - Sean Monahan (BOS)
3 - Juuse Saros (BOS)

Power Play

Bruins - 0 on 2 Attempt(s) - 0,00%
Jets - 1 on 3 Attempt(s) - 33,33%

Penalty Kill

Bruins - 2 on 3 Attempt(s) - 66,67% - Score 0 goal in Penalty Kill
Jets - 2 on 2 Attempt(s) - 100,00% - Score 0 goal in Penalty Kill

Team Stat

Bruins - Hits : 22 - Faceoff Wins : 34 - Blocked Shots : 8 - Penalty Minutes : 6
Jets - Hits : 25 - Faceoff Wins : 31 - Blocked Shots : 10 - Penalty Minutes : 4

Official

Referees : Dave Lewis and Brad Watson
Linesman : Shane Heyer and Mark Shewchyk

Game Notes

15:08 of 2nd period - Jets goal is going for a video replay. After video review, No Goal. The goalkeeper has been pushed into the net together with the puck after making a save.

Finance

Level 1 -- Attendance: 6000 (100,00%) -- Ticket Income 570 000 $
Level 2 -- Attendance: 4484 (89,68%) -- Ticket Income 269 040 $
Level 3 -- Attendance: 1393 (69,65%) -- Ticket Income 62 685 $
Level 4 -- Attendance: 2649 (66,23%) -- Ticket Income 71 523 $
Luxury Box -- Attendance: 754 (75,40%) -- Ticket Income 158 340 $
Game was played at the No Name Arena.
Total Attendance: 15280 (84,89%)
Total Ticket Income: 1 131 588 $
Other Income: 554 478 $
Total Income: 1 686 066 $

Bruins

5 vs 5 Forward 
   Center                   Left Wing                Right Wing               Time % Phy DF OF 
 1 Sean Monahan             Brady Tkachuk            Micheal Ferland          40     1   2  2  
 2 Derick Brassard          Ryan Kesler              Ondrej Palat             30     1   2  2  
 3 Nolan Patrick            Jason Pominville         Anthony Beauvillier      20     1   2  2  
 4 Marcus Kruger            Pat Maroon               Conor Garland            10     1   2  2  

5 vs 5 Defense 
   Defense                  Defense                                           Time % Phy DF OF 
 1 Justin Falk              Joel Edmundson                                    40     1   2  2  
 2 Connor Murphy            Jakob Chychrun                                    30     1   2  2  
 3 Zach Redmond             Xavier Ouellet                                    20     1   2  2  
 4 Connor Murphy            Joel Edmundson                                    10     1   2  2  

PowerPlay Forward 
   Center                   Left Wing                Right Wing               Time % Phy DF OF 
 1 Sean Monahan             Brady Tkachuk            Micheal Ferland          60     1   2  2  
 2 Derick Brassard          Nolan Patrick            Ondrej Palat             40     1   2  2  

PowerPlay Defense
   Defense                  Defense                                           Time % Phy DF OF 
 1 Zach Redmond             Joel Edmundson                                    60     1   2  2  
 2 Connor Murphy            Jakob Chychrun                                    40     1   2  2  

Penalty Kill 4 Players Forward 
   Center                   Wing                     Time % Phy DF OF 
 1 Sean Monahan             Micheal Ferland          60     1   2  2  
 2 Derick Brassard          Anthony Beauvillier      40     1   2  2  

Penalty Kill 4 Players Defense
   Defense                  Defense                  Time % Phy DF OF 
 1 Justin Falk              Joel Edmundson           60     1   2  2  
 2 Connor Murphy            Jakob Chychrun           40     1   2  2  

Penalty Kill - 3 Players Forward 
   Forward                                           Time % Phy DF OF 
 1 Sean Monahan                                      60     1   2  2  
 2 Derick Brassard                                   40     1   2  2  

Penalty Kill - 3 Players Defense
   Defense                  Defense                  Time % Phy DF OF 
 1 Zach Redmond             Joel Edmundson           60     1   2  2  
 2 Connor Murphy            Jakob Chychrun           40     1   2  2  

4 vs 4 Forward 
   Center                   Wing                     Time % Phy DF OF 
 1 Sean Monahan             Micheal Ferland          60     1   2  2  
 2 Derick Brassard          Jason Pominville         40     1   2  2  

4 vs 4 Defense
   Defense                  Defense                  Time % Phy DF OF 
 1 Xavier Ouellet           Joel Edmundson           60     1   2  2  
 2 Connor Murphy            Jakob Chychrun           40     1   2  2  

Last Minutes Offensive
   Center                   Left Wing                Right Wing               Defense                  Defense                  
   Sean Monahan             Brady Tkachuk            Micheal Ferland          Justin Falk              Joel Edmundson           

Last Minutes Defensive
   Center                   Left Wing                Right Wing               Defense                  Defense                  
   Sean Monahan             Brady Tkachuk            Micheal Ferland          Justin Falk              Joel Edmundson           

Goaltenders
Starting : Juuse Saros              
Backup : Collin Delia             

Extra Forwards
Normal : Nolan Patrick, Jason Pominville, Anthony Beauvillier - PP : Nolan Patrick, Jason Pominville - PK : Anthony Beauvillier
Extra Defensemen
Normal : Zach Redmond, Xavier Ouellet, Connor Murphy - PP : Zach Redmond - PK : Xavier Ouellet, Connor Murphy
Penalty Shots
Sean Monahan, Brady Tkachuk, Derick Brassard, Nolan Patrick, Micheal Ferland
Custom OT Lines Forwards
Sean Monahan, Brady Tkachuk, Derick Brassard, Ryan Kesler, Micheal Ferland, Ondrej Palat, Nolan Patrick, Jason Pominville, Anthony Beauvillier, Marcus Kruger
Custom OT Lines Defensemen
Justin Falk, Joel Edmundson, Connor Murphy, Jakob Chychrun, Zach Redmond

Scratches
Anthony Mantha (Healthy), Ryan Bourque (Healthy), Cam Fowler (Healthy), Cam Talbot (Healthy)

Jets

5 vs 5 Forward 
   Center                   Left Wing                Right Wing               Time % Phy DF OF 
 1 Nathan MacKinnon         James van Riemsdyk       Colton Sissons           40     1   2  2  
 2 Zach Aston-Reese         Wayne Simmonds           Troy Brouwer             30     1   2  2  
 3 Filip Chytil             Janne Kuokkanen          Troy Terry               20     1   2  2  
 4 Mike Sgarbossa           Victor Olofsson          Brett Ritchie            10     1   2  2  

5 vs 5 Defense 
   Defense                  Defense                                           Time % Phy DF OF 
 1 Josh Manson              Josh Morrissey                                    40     1   2  2  
 2 Jonathan Ericsson        Mark Pysyk                                        30     1   2  2  
 3 Nate Prosser             Josh Manson                                       20     1   2  2  
 4 Matt Hunwick             Josh Morrissey                                    10     1   2  2  

PowerPlay Forward 
   Center                   Left Wing                Right Wing               Time % Phy DF OF 
 1 Nathan MacKinnon         James van Riemsdyk       Colton Sissons           60     1   2  2  
 2 Zach Aston-Reese         Wayne Simmonds           Troy Brouwer             40     1   2  2  

PowerPlay Defense
   Defense                  Defense                                           Time % Phy DF OF 
 1 Josh Manson              Nate Prosser                                      60     1   2  2  
 2 Jonathan Ericsson        Matt Hunwick                                      40     1   2  2  

Penalty Kill 4 Players Forward 
   Center                   Wing                     Time % Phy DF OF 
 1 Nathan MacKinnon         Troy Brouwer             60     1   2  2  
 2 James van Riemsdyk       Wayne Simmonds           40     1   2  2  

Penalty Kill 4 Players Defense
   Defense                  Defense                  Time % Phy DF OF 
 1 Josh Morrissey           Matt Hunwick             60     1   2  2  
 2 Jonathan Ericsson        Nate Prosser             40     1   2  2  

Penalty Kill - 3 Players Forward 
   Forward                                           Time % Phy DF OF 
 1 Nathan MacKinnon                                  60     1   2  2  
 2 Wayne Simmonds                                    40     1   2  2  

Penalty Kill - 3 Players Defense
   Defense                  Defense                  Time % Phy DF OF 
 1 Josh Morrissey           Josh Manson              60     1   2  2  
 2 Jonathan Ericsson        Nate Prosser             40     1   2  2  

4 vs 4 Forward 
   Center                   Wing                     Time % Phy DF OF 
 1 Nathan MacKinnon         Janne Kuokkanen          60     1   2  2  
 2 Colton Sissons           Wayne Simmonds           40     1   2  2  

4 vs 4 Defense
   Defense                  Defense                  Time % Phy DF OF 
 1 Josh Manson              Josh Morrissey           60     1   2  2  
 2 Jonathan Ericsson        Mark Pysyk               40     1   2  2  

Last Minutes Offensive
   Center                   Left Wing                Right Wing               Defense                  Defense                  
   Nathan MacKinnon         James van Riemsdyk       Colton Sissons           Josh Manson              Josh Morrissey           

Last Minutes Defensive
   Center                   Left Wing                Right Wing               Defense                  Defense                  
   Nathan MacKinnon         James van Riemsdyk       Colton Sissons           Josh Manson              Josh Morrissey           

Goaltenders
Starting : MacKenzie Blackwood      
Backup : Craig Anderson           

Extra Forwards
Normal : Nathan MacKinnon, Wayne Simmonds, Janne Kuokkanen - PP : Nathan MacKinnon, Wayne Simmonds - PK : Janne Kuokkanen
Extra Defensemen
Normal : Nate Prosser, Jonathan Ericsson, Matt Hunwick - PP : Nate Prosser - PK : Jonathan Ericsson, Matt Hunwick
Penalty Shots
Nathan MacKinnon, Zach Aston-Reese, Janne Kuokkanen, Wayne Simmonds, Troy Brouwer
Custom OT Lines Forwards
Nathan MacKinnon, James van Riemsdyk, Colton Sissons, Wayne Simmonds, Troy Brouwer, Zach Aston-Reese, Filip Chytil, Janne Kuokkanen, Troy Terry, Mike Sgarbossa
Custom OT Lines Defensemen
Josh Manson, Josh Morrissey, Jonathan Ericsson, Matt Hunwick, Nate Prosser

Scratches
Alex Galchenyuk (Healthy), Martin Hanzal (Healthy), Jonathan Bernier (Healthy)

% Time on Ice - Bruins

Lines # - Real PCT - Wanted PCT - Time Play
Normal Forward
1 - 33% - 40% - 17:20
2 - 29% - 30% - 14:57
3 - 22% - 20% - 11:12
4 - 16% - 10% - 8:18
Normal Defense
1 - 40% - 40% - 20:44
2 - 31% - 30% - 15:56
3 - 23% - 20% - 11:46
4 - 6% - 10% - 3:21
PP Forward
1 - 54% - 60% - 2:08
2 - 46% - 40% - 1:50
PP Defense
1 - 69% - 60% - 2:45
2 - 31% - 40% - 1:13
PK Forward
1 - 70% - 60% - 2:51
2 - 30% - 40% - 1:13
PK Defense
1 - 59% - 60% - 2:23
2 - 41% - 40% - 1:41
PK3 Forward
1 - 0% - 60%
2 - 0% - 40%
PK3 Defense
1 - 0% - 60%
2 - 0% - 40%
44 Forward
1 - 0% - 60%
2 - 0% - 40%
44 Defense
1 - 0% - 60%
2 - 0% - 40%
Last Minute Offensive  - 0:11
Last Minute Defensive  - 0:00
Total
Forward - 60:00
Defense - 60:00

% Time on Ice - Jets

Lines # - Real PCT - Wanted PCT - Time Play
Normal Forward
1 - 35% - 40% - 17:56
2 - 28% - 30% - 14:25
3 - 22% - 20% - 11:11
4 - 16% - 10% - 8:11
Normal Defense
1 - 29% - 40% - 14:56
2 - 35% - 30% - 18:13
3 - 21% - 20% - 11:07
4 - 14% - 10% - 7:27
PP Forward
1 - 53% - 60% - 2:09
2 - 47% - 40% - 1:55
PP Defense
1 - 55% - 60% - 2:15
2 - 45% - 40% - 1:49
PK Forward
1 - 73% - 60% - 2:54
2 - 27% - 40% - 1:04
PK Defense
1 - 52% - 60% - 2:03
2 - 48% - 40% - 1:55
PK3 Forward
1 - 0% - 60%
2 - 0% - 40%
PK3 Defense
1 - 0% - 60%
2 - 0% - 40%
44 Forward
1 - 0% - 60%
2 - 0% - 40%
44 Defense
1 - 0% - 60%
2 - 0% - 40%
Last Minute Offensive  - 0:00
Last Minute Defensive  - 0:15
Total
Forward - 60:00
Defense - 60:00

Play-by-Play

1st period


0:01 of 1st period - Sean Monahan wins face-off versus Nathan MacKinnon in neutral zone.
0:32 of 1st period - Off-side.
0:33 of 1st period - Derick Brassard wins face-off versus Filip Chytil in neutral zone.
0:40 of 1st period - Wrist shot by Derick Brassard.
0:40 of 1st period - Shot Misses the Net.
0:52 of 1st period - Snap shot by Ondrej Palat.
0:52 of 1st period - Shot Misses the Net.
1:06 of 1st period - Snap shot by Derick Brassard.
1:06 of 1st period - Deflect By Ondrej Palat.
1:06 of 1st period - Shot Misses the Net.
1:06 of 1st period - Puck is out of play.
1:07 of 1st period - Nolan Patrick wins face-off versus Zach Aston-Reese in Jets zone.
1:32 of 1st period - Zach Aston-Reese is hit by Joel Edmundson and loses puck.
1:37 of 1st period - Snap shot by Pat Maroon.
1:37 of 1st period - Shot Blocked by Zach Aston-Reese.
1:39 of 1st period - Wrist shot by Marcus Kruger.
1:39 of 1st period - Deflect By Nate Prosser.
1:39 of 1st period - Shot Misses the Net.
1:39 of 1st period - Puck is out of play.
1:40 of 1st period - Nathan MacKinnon wins face-off versus Sean Monahan in Jets zone.
1:54 of 1st period - Off-side.
1:55 of 1st period - Nolan Patrick wins face-off versus Mike Sgarbossa in neutral zone.
2:22 of 1st period - Wrist shot by Sean Monahan.
2:22 of 1st period - Shot Misses the Net.
3:13 of 1st period - Slapshot by Derick Brassard.
3:13 of 1st period - Shot Blocked by Jonathan Ericsson.
3:27 of 1st period - Snap shot by Brett Ritchie.
3:27 of 1st period - Shot Misses the Net.
3:29 of 1st period - Slapshot by Josh Manson.
3:29 of 1st period - Stopped by Juuse Saros without a rebound.
3:30 of 1st period - Nathan MacKinnon wins face-off versus Nolan Patrick in Bruins zone.
3:37 of 1st period - Wrist shot by Nathan MacKinnon.
3:37 of 1st period - Shot Misses the Net.
3:52 of 1st period - Icing by Matt Hunwick.
3:53 of 1st period - Nathan MacKinnon wins face-off versus Sean Monahan in Jets zone.
5:00 of 1st period - Mike Sgarbossa is hit by Nolan Patrick and loses puck.
5:09 of 1st period - Slapshot by Anthony Beauvillier.
5:09 of 1st period - Shot Blocked by Josh Manson.
5:25 of 1st period - Wrist shot by Wayne Simmonds.
5:25 of 1st period - Shot Misses the Net.
5:44 of 1st period - Icing by Jakob Chychrun.
5:45 of 1st period - Derick Brassard wins face-off versus Nathan MacKinnon in Bruins zone.
5:57 of 1st period - Off-side.
5:58 of 1st period - Sean Monahan wins face-off versus Nathan MacKinnon in neutral zone.
6:00 of 1st period - Off-side.
6:01 of 1st period - Nathan MacKinnon wins face-off versus Sean Monahan in neutral zone.
6:12 of 1st period - Snap shot by James van Riemsdyk.
6:12 of 1st period - Shot Blocked by Joel Edmundson.
7:25 of 1st period - Colton Sissons is hit by Brady Tkachuk.
7:41 of 1st period - Minor Penalty to Jonathan Ericsson for Hooking.
7:42 of 1st period - Sean Monahan wins face-off versus Troy Brouwer in Jets zone.
9:07 of 1st period - Micheal Ferland is hit by Josh Morrissey and loses puck.
9:41 of 1st period - Penalty to Jonathan Ericsson is over, Jonathan Ericsson is back on ice.
9:50 of 1st period - Snap shot by Mike Sgarbossa.
9:50 of 1st period - Shot Misses the Net.
9:55 of 1st period - Minor Penalty to Justin Falk for Holding.
9:56 of 1st period - Sean Monahan wins face-off versus Nathan MacKinnon in Bruins zone.
10:12 of 1st period - Snap shot by Nathan MacKinnon.
10:12 of 1st period - Deflect By Wayne Simmonds.
10:12 of 1st period - Shot Misses the Net.
10:12 of 1st period - Puck is out of play.
10:13 of 1st period - Sean Monahan wins face-off versus Zach Aston-Reese in Bruins zone.
10:41 of 1st period - Snap shot by Troy Brouwer.
10:41 of 1st period - Shot Hit the Post.
10:43 of 1st period - Wrist shot by Zach Aston-Reese.
10:43 of 1st period - Deflect By Troy Brouwer.
10:43 of 1st period - Stopped by Juuse Saros with a rebound.
10:45 of 1st period - Snap shot by Troy Brouwer.
10:45 of 1st period - Shot Blocked by Xavier Ouellet.
10:47 of 1st period - Slapshot by Matt Hunwick.
10:47 of 1st period - Stopped by Juuse Saros with a rebound.
10:49 of 1st period - Slapshot by Jonathan Ericsson.
10:49 of 1st period - Shot Misses the Net.
10:51 of 1st period - Slapshot by Wayne Simmonds.
10:51 of 1st period - Shot Misses the Net.
10:53 of 1st period - Slapshot by Josh Manson.
10:53 of 1st period - Deflect By Wayne Simmonds.
10:53 of 1st period - Shot Misses the Net.
10:53 of 1st period - Puck is out of play.
10:54 of 1st period - Nathan MacKinnon wins face-off versus Sean Monahan in Bruins zone.
11:55 of 1st period - Penalty to Justin Falk is over, Justin Falk is back on ice.
11:58 of 1st period - Joel Edmundson is hit by Jonathan Ericsson and loses puck.
12:29 of 1st period - Derick Brassard is hit by Brett Ritchie and loses puck.
12:42 of 1st period - Snap shot by Brett Ritchie.
12:42 of 1st period - Shot Misses the Net.
12:52 of 1st period - Zach Redmond is hit by Colton Sissons and loses puck.
13:05 of 1st period - Ondrej Palat is hit by Jonathan Ericsson.
13:38 of 1st period - Nolan Patrick is hit by Wayne Simmonds.
13:57 of 1st period - Marcus Kruger is hit by Filip Chytil and loses puck.
14:20 of 1st period - Connor Murphy is hit by Josh Manson and loses puck.
14:37 of 1st period - Nate Prosser is hit by Connor Murphy and loses puck.
15:18 of 1st period - Wrist shot by Troy Brouwer.
15:18 of 1st period - Shot Misses the Net.
15:25 of 1st period - Icing by Connor Murphy.
15:26 of 1st period - Nathan MacKinnon wins face-off versus Nolan Patrick in Bruins zone.
16:03 of 1st period - Wrist shot by Sean Monahan.
16:03 of 1st period - Stopped by MacKenzie Blackwood with a rebound.
16:21 of 1st period - Mark Pysyk is hit by Zach Redmond and loses puck.
16:50 of 1st period - Wrist shot by Brett Ritchie.
16:50 of 1st period - Deflect By Victor Olofsson.
16:50 of 1st period - Deflect By Joel Edmundson.
16:50 of 1st period - Shot Misses the Net.
16:50 of 1st period - Puck is out of play.
16:51 of 1st period - Sean Monahan wins face-off versus Nathan MacKinnon in Bruins zone.
16:58 of 1st period - Snap shot by Brady Tkachuk.
16:58 of 1st period - Goal by Brady Tkachuk - Bruins : 1 - Jets : 0.
16:59 of 1st period - Colton Sissons wins face-off versus Sean Monahan in neutral zone.
17:12 of 1st period - Slapshot by James van Riemsdyk.
17:12 of 1st period - Stopped by Juuse Saros without a rebound.
17:13 of 1st period - Nathan MacKinnon wins face-off versus Sean Monahan in Bruins zone.
17:14 of 1st period - Wrist shot by James van Riemsdyk.
17:14 of 1st period - Stopped by Juuse Saros with a rebound.
18:02 of 1st period - Backhand shot by Filip Chytil.
18:02 of 1st period - Shot Misses the Net.
18:04 of 1st period - Slapshot by Josh Manson.
18:04 of 1st period - Shot Misses the Net.
18:06 of 1st period - Slapshot by Josh Morrissey.
18:06 of 1st period - Shot Misses the Net.
18:08 of 1st period - Slapshot by Josh Morrissey.
18:08 of 1st period - Stopped by Juuse Saros with a rebound.
18:20 of 1st period - Slapshot by Nathan MacKinnon.
18:20 of 1st period - Shot Blocked by Connor Murphy.
18:26 of 1st period - Wrist shot by Jason Pominville.
18:26 of 1st period - Shot Misses the Net.
18:30 of 1st period - Snap shot by Anthony Beauvillier.
18:30 of 1st period - Stopped by MacKenzie Blackwood without a rebound.
18:31 of 1st period - Sean Monahan wins face-off versus Zach Aston-Reese in Jets zone.
18:40 of 1st period - Xavier Ouellet is hit by Jonathan Ericsson and loses puck.
19:44 of 1st period - Josh Manson is hit by Micheal Ferland and loses puck.
Goals for this period are 1 for Bruins vs 0 for Jets.
Shots for this period are 3 for Bruins vs 6 for Jets.

2nd period


0:01 of 2nd period - Nathan MacKinnon wins face-off versus Sean Monahan in neutral zone.
0:06 of 2nd period - Backhand shot by Nathan MacKinnon.
0:06 of 2nd period - Shot Misses the Net.
0:08 of 2nd period - Snap shot by James van Riemsdyk.
0:08 of 2nd period - Goal by James van Riemsdyk - Bruins : 1 - Jets : 1.
0:09 of 2nd period - Nathan MacKinnon wins face-off versus Sean Monahan in neutral zone.
0:41 of 2nd period - Wrist shot by Jason Pominville.
0:41 of 2nd period - Stopped by MacKenzie Blackwood with a rebound.
0:43 of 2nd period - Snap shot by Anthony Beauvillier.
0:43 of 2nd period - Goal by Anthony Beauvillier - Bruins : 2 - Jets : 1.
0:44 of 2nd period - Nathan MacKinnon wins face-off versus Sean Monahan in neutral zone.
0:46 of 2nd period - Off-side.
0:47 of 2nd period - Nathan MacKinnon wins face-off versus Sean Monahan in neutral zone.
1:24 of 2nd period - Josh Manson is hit by Joel Edmundson and loses puck.
1:47 of 2nd period - Snap shot by Troy Terry.
1:47 of 2nd period - Stopped by Juuse Saros without a rebound.
1:48 of 2nd period - Sean Monahan wins face-off versus Nathan MacKinnon in Bruins zone.
1:50 of 2nd period - Minor Penalty to Connor Murphy for Interference.
1:51 of 2nd period - Sean Monahan wins face-off versus Nathan MacKinnon in Bruins zone.
2:05 of 2nd period - Snap shot by Nathan MacKinnon.
2:05 of 2nd period - Stopped by Juuse Saros without a rebound.
2:06 of 2nd period - Nathan MacKinnon wins face-off versus Sean Monahan in Bruins zone.
2:07 of 2nd period - Snap shot by James van Riemsdyk.
2:07 of 2nd period - Shot Misses the Net.
2:19 of 2nd period - Snap shot by Colton Sissons.
2:19 of 2nd period - Shot Misses the Net.
2:35 of 2nd period - Snap shot by Wayne Simmonds.
2:35 of 2nd period - Shot Misses the Net.
2:37 of 2nd period - Snap shot by Wayne Simmonds.
2:37 of 2nd period - Stopped by Juuse Saros with a rebound.
2:39 of 2nd period - Slapshot by Troy Brouwer.
2:39 of 2nd period - Stopped by Juuse Saros without a rebound.
2:40 of 2nd period - Derick Brassard wins face-off versus Zach Aston-Reese in Bruins zone.
3:50 of 2nd period - Penalty to Connor Murphy is over, Connor Murphy is back on ice.
3:55 of 2nd period - Joel Edmundson is hit by Jonathan Ericsson.
4:03 of 2nd period - Snap shot by Troy Terry.
4:03 of 2nd period - Shot Misses the Net.
4:05 of 2nd period - Wrist shot by Josh Morrissey.
4:05 of 2nd period - Stopped by Juuse Saros with a rebound.
4:35 of 2nd period - Wrist shot by Anthony Beauvillier.
4:35 of 2nd period - Stopped by MacKenzie Blackwood with a rebound.
5:12 of 2nd period - Wrist shot by Troy Terry.
5:12 of 2nd period - Stopped by Juuse Saros with a rebound.
5:14 of 2nd period - Slapshot by Josh Manson.
5:14 of 2nd period - Shot Misses the Net.
5:32 of 2nd period - Backhand shot by Ondrej Palat.
5:32 of 2nd period - Stopped by MacKenzie Blackwood without a rebound.
5:33 of 2nd period - Sean Monahan wins face-off versus Zach Aston-Reese in Jets zone.
5:48 of 2nd period - Snap shot by Sean Monahan.
5:48 of 2nd period - Shot Misses the Net.
5:58 of 2nd period - Ondrej Palat is hit by James van Riemsdyk and loses puck.
6:03 of 2nd period - Slapshot by Nathan MacKinnon.
6:03 of 2nd period - Stopped by Juuse Saros without a rebound.
6:04 of 2nd period - Sean Monahan wins face-off versus Nathan MacKinnon in Bruins zone.
7:00 of 2nd period - Snap shot by Janne Kuokkanen.
7:00 of 2nd period - Deflect By Troy Terry.
7:00 of 2nd period - Shot Misses the Net.
7:00 of 2nd period - Puck is out of play.
7:01 of 2nd period - Sean Monahan wins face-off versus Nathan MacKinnon in Bruins zone.
7:35 of 2nd period - Snap shot by Nathan MacKinnon.
7:35 of 2nd period - Deflect By Micheal Ferland.
7:35 of 2nd period - Stopped by Juuse Saros with a rebound.
7:37 of 2nd period - Slapshot by Colton Sissons.
7:37 of 2nd period - Shot Misses the Net.
7:43 of 2nd period - Wrist shot by Nathan MacKinnon.
7:43 of 2nd period - Shot Misses the Net.
9:37 of 2nd period - Snap shot by James van Riemsdyk.
9:37 of 2nd period - Stopped by Juuse Saros without a rebound.
9:38 of 2nd period - Derick Brassard wins face-off versus Zach Aston-Reese in Bruins zone.
10:14 of 2nd period - Janne Kuokkanen is hit by Nolan Patrick and loses puck.
10:27 of 2nd period - Nate Prosser is hit by Pat Maroon and loses puck.
11:07 of 2nd period - Matt Hunwick is hit by Nolan Patrick and loses puck.
11:14 of 2nd period - Zach Redmond is hit by Janne Kuokkanen and loses puck.
11:27 of 2nd period - Joel Edmundson is hit by Brett Ritchie.
11:38 of 2nd period - Victor Olofsson is hit by Conor Garland and loses puck.
11:58 of 2nd period - Slapshot by Troy Terry.
11:58 of 2nd period - Stopped by Juuse Saros with a rebound.
12:00 of 2nd period - Wrist shot by Victor Olofsson.
12:00 of 2nd period - Shot Misses the Net.
12:02 of 2nd period - Wrist shot by Victor Olofsson.
12:02 of 2nd period - Shot Misses the Net.
12:04 of 2nd period - Slapshot by Zach Aston-Reese.
12:04 of 2nd period - Shot Blocked by Justin Falk.
12:06 of 2nd period - Slapshot by Josh Morrissey.
12:06 of 2nd period - Stopped by Juuse Saros with a rebound.
12:08 of 2nd period - Snap shot by Victor Olofsson.
12:08 of 2nd period - Stopped by Juuse Saros without a rebound.
12:09 of 2nd period - Janne Kuokkanen wins face-off versus Derick Brassard in Bruins zone.
12:14 of 2nd period - Icing by Zach Redmond.
12:15 of 2nd period - Derick Brassard wins face-off versus Janne Kuokkanen in Bruins zone.
12:15 of 2nd period - Derick Brassard is hit by Troy Brouwer.
12:31 of 2nd period - Wrist shot by Ondrej Palat.
12:31 of 2nd period - Stopped by MacKenzie Blackwood without a rebound.
12:32 of 2nd period - Filip Chytil wins face-off versus Nolan Patrick in Jets zone.
12:44 of 2nd period - Wrist shot by Troy Terry.
12:44 of 2nd period - Stopped by Juuse Saros with a rebound.
12:46 of 2nd period - Slapshot by Josh Morrissey.
12:46 of 2nd period - Shot Blocked by Jason Pominville.
13:07 of 2nd period - Wayne Simmonds is hit by Ryan Kesler and loses puck.
13:19 of 2nd period - Snap shot by Wayne Simmonds.
13:19 of 2nd period - Stopped by Juuse Saros without a rebound.
13:20 of 2nd period - Sean Monahan wins face-off versus Nathan MacKinnon in Bruins zone.
13:44 of 2nd period - Joel Edmundson is hit by Janne Kuokkanen and loses puck.
13:49 of 2nd period - Snap shot by Janne Kuokkanen.
13:49 of 2nd period - Stopped by Juuse Saros without a rebound.
13:50 of 2nd period - Derick Brassard wins face-off versus Zach Aston-Reese in Bruins zone.
13:55 of 2nd period - Snap shot by Derick Brassard.
13:55 of 2nd period - Shot Misses the Net.
14:23 of 2nd period - Slapshot by Ondrej Palat.
14:23 of 2nd period - Shot Misses the Net.
15:06 of 2nd period - Wrist shot by Zach Aston-Reese.
15:06 of 2nd period - Shot Misses the Net.
15:08 of 2nd period - Wrist shot by Zach Aston-Reese.
15:08 of 2nd period - Jets goal is going for a video replay.
15:08 of 2nd period - The goal is refused. The goalkeeper has been pushed into the net together with the puck after making a save..
15:09 of 2nd period - Sean Monahan wins face-off versus Nathan MacKinnon in Bruins zone.
15:48 of 2nd period - Slapshot by Anthony Beauvillier.
15:48 of 2nd period - Shot Hit the Post.
15:50 of 2nd period - Slapshot by Joel Edmundson.
15:50 of 2nd period - Deflect By Nolan Patrick.
15:50 of 2nd period - Stopped by MacKenzie Blackwood without a rebound.
15:51 of 2nd period - Filip Chytil wins face-off versus Marcus Kruger in Jets zone.
15:58 of 2nd period - Slapshot by Troy Terry.
15:58 of 2nd period - Shot Blocked by Zach Redmond.
16:00 of 2nd period - Snap shot by Filip Chytil.
16:00 of 2nd period - Stopped by Juuse Saros with a rebound.
16:02 of 2nd period - Snap shot by Filip Chytil.
16:02 of 2nd period - Stopped by Juuse Saros with a rebound.
16:24 of 2nd period - Nate Prosser is hit by Sean Monahan and loses puck.
16:44 of 2nd period - Icing by Josh Manson.
16:45 of 2nd period - Sean Monahan wins face-off versus Zach Aston-Reese in Jets zone.
16:52 of 2nd period - Snap shot by Wayne Simmonds.
16:52 of 2nd period - Stopped by Juuse Saros with a rebound.
16:54 of 2nd period - Slapshot by Troy Brouwer.
16:54 of 2nd period - Stopped by Juuse Saros with a rebound.
16:56 of 2nd period - Wrist shot by Zach Aston-Reese.
16:56 of 2nd period - Stopped by Juuse Saros without a rebound.
16:57 of 2nd period - Sean Monahan wins face-off versus Nathan MacKinnon in Bruins zone.
17:04 of 2nd period - Wrist shot by Sean Monahan.
17:04 of 2nd period - Stopped by MacKenzie Blackwood without a rebound.
17:05 of 2nd period - Sean Monahan wins face-off versus Nathan MacKinnon in Jets zone.
18:17 of 2nd period - Snap shot by Colton Sissons.
18:17 of 2nd period - Deflect By Nathan MacKinnon.
18:17 of 2nd period - Stopped by Juuse Saros without a rebound.
18:18 of 2nd period - Derick Brassard wins face-off versus Zach Aston-Reese in Bruins zone.
18:46 of 2nd period - Snap shot by Filip Chytil.
18:46 of 2nd period - Stopped by Juuse Saros with a rebound.
18:48 of 2nd period - Wrist shot by Filip Chytil.
18:48 of 2nd period - Stopped by Juuse Saros with a rebound.
19:14 of 2nd period - Snap shot by Conor Garland.
19:14 of 2nd period - Stopped by MacKenzie Blackwood without a rebound.
19:15 of 2nd period - Derick Brassard wins face-off versus Zach Aston-Reese in Jets zone.
19:40 of 2nd period - Zach Redmond is hit by Filip Chytil and loses puck.
Goals for this period are 1 for Bruins vs 1 for Jets.
Shots for this period are 8 for Bruins vs 25 for Jets.

3rd period


0:01 of 3rd period - Nathan MacKinnon wins face-off versus Sean Monahan in neutral zone.
0:06 of 3rd period - Sean Monahan is hit by Nathan MacKinnon and loses puck.
1:09 of 3rd period - Snap shot by Anthony Beauvillier.
1:09 of 3rd period - Stopped by MacKenzie Blackwood with a rebound.
1:17 of 3rd period - Slapshot by Josh Manson.
1:17 of 3rd period - Deflect By Nolan Patrick.
1:17 of 3rd period - Stopped by Juuse Saros with a rebound.
1:19 of 3rd period - Backhand shot by Josh Manson.
1:19 of 3rd period - Deflect By Victor Olofsson.
1:19 of 3rd period - Stopped by Juuse Saros with a rebound.
1:21 of 3rd period - Slapshot by Brett Ritchie.
1:21 of 3rd period - Goal by Brett Ritchie - Bruins : 2 - Jets : 2.
1:22 of 3rd period - Sean Monahan wins face-off versus Nathan MacKinnon in neutral zone.
1:47 of 3rd period - Zach Aston-Reese is hit by Justin Falk and loses puck.
1:57 of 3rd period - Snap shot by Wayne Simmonds.
1:57 of 3rd period - Stopped by Juuse Saros without a rebound.
1:58 of 3rd period - Nathan MacKinnon wins face-off versus Sean Monahan in Bruins zone.
2:01 of 3rd period - Snap shot by James van Riemsdyk.
2:01 of 3rd period - Shot Misses the Net.
2:07 of 3rd period - Slapshot by Sean Monahan.
2:07 of 3rd period - Stopped by MacKenzie Blackwood without a rebound.
2:08 of 3rd period - Nathan MacKinnon wins face-off versus Sean Monahan in Jets zone.
2:35 of 3rd period - Slapshot by Connor Murphy.
2:35 of 3rd period - Stopped by MacKenzie Blackwood with a rebound.
2:37 of 3rd period - Snap shot by Micheal Ferland.
2:37 of 3rd period - Shot Misses the Net.
2:39 of 3rd period - Wrist shot by Micheal Ferland.
2:39 of 3rd period - Shot Hit the Post.
2:41 of 3rd period - Snap shot by Connor Murphy.
2:41 of 3rd period - Deflect By Nathan MacKinnon.
2:41 of 3rd period - Stopped by MacKenzie Blackwood without a rebound.
2:42 of 3rd period - Wayne Simmonds wins face-off versus Ryan Kesler in Jets zone.
3:09 of 3rd period - Mark Pysyk is hit by Pat Maroon and loses puck.
3:18 of 3rd period - Wrist shot by Conor Garland.
3:18 of 3rd period - Shot Blocked by Troy Terry.
3:20 of 3rd period - Slapshot by Justin Falk.
3:20 of 3rd period - Deflect By Troy Terry.
3:20 of 3rd period - Stopped by MacKenzie Blackwood with a rebound.
3:22 of 3rd period - Snap shot by Pat Maroon.
3:22 of 3rd period - Stopped by MacKenzie Blackwood without a rebound.
3:23 of 3rd period - Colton Sissons wins face-off versus Sean Monahan in Jets zone.
3:32 of 3rd period - Backhand shot by Brady Tkachuk.
3:32 of 3rd period - Stopped by MacKenzie Blackwood with a rebound.
3:34 of 3rd period - Wrist shot by Brady Tkachuk.
3:34 of 3rd period - Shot Hit the Post.
3:36 of 3rd period - Snap shot by Micheal Ferland.
3:36 of 3rd period - Shot Blocked by Josh Manson.
3:38 of 3rd period - Slapshot by Jakob Chychrun.
3:38 of 3rd period - Shot Blocked by James van Riemsdyk.
4:15 of 3rd period - Slapshot by Anthony Beauvillier.
4:15 of 3rd period - Stopped by MacKenzie Blackwood with a rebound.
4:17 of 3rd period - Slapshot by Xavier Ouellet.
4:17 of 3rd period - Shot Misses the Net.
4:41 of 3rd period - Conor Garland is hit by Mike Sgarbossa and loses puck.
4:51 of 3rd period - Off-side.
4:52 of 3rd period - Sean Monahan wins face-off versus Nathan MacKinnon in neutral zone.
5:09 of 3rd period - Joel Edmundson is hit by Josh Manson and loses puck.
5:20 of 3rd period - Wrist shot by Connor Murphy.
5:20 of 3rd period - Stopped by MacKenzie Blackwood with a rebound.
5:22 of 3rd period - Wrist shot by Micheal Ferland.
5:22 of 3rd period - Stopped by MacKenzie Blackwood with a rebound.
5:24 of 3rd period - Snap shot by Micheal Ferland.
5:24 of 3rd period - Stopped by MacKenzie Blackwood with a rebound.
5:26 of 3rd period - Slapshot by Connor Murphy.
5:26 of 3rd period - Shot Blocked by Nathan MacKinnon.
5:28 of 3rd period - Snap shot by Brady Tkachuk.
5:28 of 3rd period - Stopped by MacKenzie Blackwood with a rebound.
5:36 of 3rd period - Snap shot by Brady Tkachuk.
5:36 of 3rd period - Shot Misses the Net.
5:38 of 3rd period - Snap shot by Joel Edmundson.
5:38 of 3rd period - Shot Blocked by Josh Manson.
5:40 of 3rd period - Slapshot by Joel Edmundson.
5:40 of 3rd period - Deflect By Sean Monahan.
5:40 of 3rd period - Stopped by MacKenzie Blackwood with a rebound.
6:04 of 3rd period - Snap shot by Brady Tkachuk.
6:04 of 3rd period - Stopped by MacKenzie Blackwood without a rebound.
6:05 of 3rd period - Zach Aston-Reese wins face-off versus Derick Brassard in Jets zone.
6:05 of 3rd period - Zach Aston-Reese is hit by Derick Brassard.
6:23 of 3rd period - Zach Aston-Reese is hit by Derick Brassard and loses puck.
6:30 of 3rd period - Ryan Kesler is hit by Troy Brouwer and loses puck.
6:59 of 3rd period - Wrist shot by Wayne Simmonds.
6:59 of 3rd period - Stopped by Juuse Saros without a rebound.
7:00 of 3rd period - Filip Chytil wins face-off versus Nolan Patrick in Bruins zone.
7:33 of 3rd period - Wrist shot by Mike Sgarbossa.
7:33 of 3rd period - Shot Blocked by Conor Garland.
8:15 of 3rd period - Janne Kuokkanen is hit by Anthony Beauvillier and loses puck.
10:09 of 3rd period - Nate Prosser is hit by Joel Edmundson and loses puck.
10:22 of 3rd period - Jonathan Ericsson is hit by Derick Brassard and loses puck.
10:39 of 3rd period - Wrist shot by Zach Aston-Reese.
10:39 of 3rd period - Stopped by Juuse Saros without a rebound.
10:40 of 3rd period - Nolan Patrick wins face-off versus Zach Aston-Reese in Bruins zone.
10:45 of 3rd period - Josh Morrissey is hit by Zach Redmond and loses puck.
11:10 of 3rd period - Snap shot by Filip Chytil.
11:10 of 3rd period - Stopped by Juuse Saros without a rebound.
11:11 of 3rd period - James van Riemsdyk wins face-off versus Derick Brassard in Bruins zone.
11:14 of 3rd period - Snap shot by Nathan MacKinnon.
11:14 of 3rd period - Stopped by Juuse Saros without a rebound.
11:15 of 3rd period - Nathan MacKinnon wins face-off versus Sean Monahan in Bruins zone.
11:20 of 3rd period - Slapshot by James van Riemsdyk.
11:20 of 3rd period - Shot Hit the Post.
11:32 of 3rd period - Slapshot by James van Riemsdyk.
11:32 of 3rd period - Shot Misses the Net.
11:46 of 3rd period - Snap shot by Derick Brassard.
11:46 of 3rd period - Stopped by MacKenzie Blackwood with a rebound.
11:48 of 3rd period - Backhand shot by Derick Brassard.
11:48 of 3rd period - Stopped by MacKenzie Blackwood with a rebound.
11:50 of 3rd period - Slapshot by Justin Falk.
11:50 of 3rd period - Stopped by MacKenzie Blackwood with a rebound.
11:52 of 3rd period - Backhand shot by Joel Edmundson.
11:52 of 3rd period - Shot Blocked by Troy Brouwer.
11:54 of 3rd period - Snap shot by Ondrej Palat.
11:54 of 3rd period - Stopped by MacKenzie Blackwood with a rebound.
12:08 of 3rd period - Snap shot by Filip Chytil.
12:08 of 3rd period - Stopped by Juuse Saros with a rebound.
12:10 of 3rd period - Snap shot by Janne Kuokkanen.
12:10 of 3rd period - Shot Blocked by Connor Murphy.
12:12 of 3rd period - Snap shot by Troy Terry.
12:12 of 3rd period - Stopped by Juuse Saros with a rebound.
12:14 of 3rd period - Slapshot by Troy Terry.
12:14 of 3rd period - Deflect By Janne Kuokkanen.
12:14 of 3rd period - Shot Misses the Net.
12:14 of 3rd period - Puck is out of play.
12:15 of 3rd period - Nathan MacKinnon wins face-off versus Sean Monahan in Bruins zone.
12:40 of 3rd period - Ryan Kesler is hit by Wayne Simmonds and loses puck.
12:49 of 3rd period - Snap shot by Troy Brouwer.
12:49 of 3rd period - Stopped by Juuse Saros with a rebound.
13:03 of 3rd period - Snap shot by Conor Garland.
13:03 of 3rd period - Shot Blocked by Troy Terry.
13:09 of 3rd period - Pat Maroon is hit by Filip Chytil and loses puck.
14:13 of 3rd period - Wrist shot by Troy Terry.
14:13 of 3rd period - Stopped by Juuse Saros with a rebound.
14:58 of 3rd period - Marcus Kruger is hit by Mark Pysyk and loses puck.
15:11 of 3rd period - Snap shot by Ondrej Palat.
15:11 of 3rd period - Stopped by MacKenzie Blackwood without a rebound.
15:12 of 3rd period - Nathan MacKinnon wins face-off versus Ondrej Palat in Jets zone.
15:17 of 3rd period - Justin Falk is hit by Nathan MacKinnon and loses puck.
15:54 of 3rd period - Minor Penalty to Justin Falk for Hooking.
15:55 of 3rd period - Nathan MacKinnon wins face-off versus Sean Monahan in Bruins zone.
16:00 of 3rd period - Snap shot by Nathan MacKinnon.
16:00 of 3rd period - Goal by Nathan MacKinnon - Bruins : 2 - Jets : 3.
16:01 of 3rd period - Filip Chytil wins face-off versus Nolan Patrick in neutral zone.
16:20 of 3rd period - Minor Penalty to Filip Chytil for Interference.
16:21 of 3rd period - Sean Monahan wins face-off versus Nathan MacKinnon in Jets zone.
16:27 of 3rd period - Snap shot by Sean Monahan.
16:27 of 3rd period - Stopped by MacKenzie Blackwood with a rebound.
17:14 of 3rd period - Icing by Brady Tkachuk.
17:15 of 3rd period - Sean Monahan wins face-off versus Nathan MacKinnon in Bruins zone.
18:04 of 3rd period - Nate Prosser is hit by Derick Brassard and loses puck.
18:20 of 3rd period - Penalty to Filip Chytil is over, Filip Chytil is back on ice.
19:00 of 3rd period - Bruins, Juuse Saros is pulled from the net.
19:02 of 3rd period - Snap shot by Brady Tkachuk.
19:02 of 3rd period - Goal by Brady Tkachuk - Bruins : 3 - Jets : 3.
19:02 of 3rd period - Juuse Saros from Bruins was sent back in the game.
19:03 of 3rd period - Filip Chytil wins face-off versus Nolan Patrick in neutral zone.
19:05 of 3rd period - Off-side.
19:06 of 3rd period - Filip Chytil wins face-off versus Nolan Patrick in neutral zone.
19:39 of 3rd period - Justin Falk is hit by Wayne Simmonds and loses puck.
19:57 of 3rd period - Icing by Derick Brassard.
19:58 of 3rd period - Derick Brassard wins face-off versus Zach Aston-Reese in Bruins zone.
Goals for this period are 1 for Bruins vs 2 for Jets.
Shots for this period are 21 for Bruins vs 13 for Jets.

Overtime #1


0:01 of 1st overtime period - Sean Monahan wins face-off versus Nathan MacKinnon in neutral zone.
0:06 of 1st overtime period - Snap shot by Sean Monahan.
0:06 of 1st overtime period - Shot Misses the Net.
0:08 of 1st overtime period - Slapshot by Justin Falk.
0:08 of 1st overtime period - Goal by Justin Falk - Bruins : 4 - Jets : 3.
Goals for this period are 1 for Bruins vs 0 for Jets.
Shots for this period are 1 for Bruins vs 0 for Jets. Output by the SimonT Hockey Simulator (STHS) for Eric Tremblay - Original Page W3C HTML5 Valid
Hockey Simulator - Hockey Simulation - Hockey Manager